 Dungeon Crawl Stone Soup version 0.25.0-9-g26727b657a (webtiles) character file.

Game seed: 3021347404616561995

1460 HoaS the Cudgeler (level 8, -1/52 HPs)
             Began as a Gargoyle Fighter on June 17, 2020.
             Slain by a killer bee (6 damage)
             ... on level 8 of the Dungeon.
             The game lasted 00:12:17 (4204 turns).

HoaS the Cudgeler (Gargoyle Fighter)                Turns: 4204, Time: 00:12:18

Health: -1/52      AC: 13    Str: 21    XL:     8   Next: 76%
Magic:  8/8        EV:  7    Int: 10    God:
Gold:   218        SH: 15    Dex:  9    Spells: 7/7 levels left

rFire    . . .     SeeInvis +   t - +2 flail (protect)
rCold    . . .     Gourm    .   s - +0 tower shield
rNeg     + . .     Faith    .   u - +0 steam dragon scales
rPois    ∞         Spirit   .   (no helmet)
rElec    +         Reflect  .   (no cloak)
rCorr    .         Harm     .   j - +1 pair of gloves
MR       .....                  (no boots)
Stlth    +.........             (no amulet)
HPRegen  0.17/turn              e - ring of see invisible
MPRegen  0.11/turn              (no ring)

@: no status effects
A: negative energy resistance 1, electricity resistance, unbreathing,
petrification resistance, rot immunity, AC +5
a: no special abilities


You were on level 8 of the Dungeon.
You were not hungry.

You visited 1 branch of the dungeon, and saw 6 of its levels.

You collected 218 gold pieces.

Inventory:

Hand Weapons
 t - a +2 flail of protection (weapon)
Armour
 j - a +1 pair of gloves (worn)
 s - a +0 tower shield (worn)
 u - +0 steam dragon scales (worn)
Jewellery
 e - a ring of see invisible (left hand)
 n - an uncursed amulet of faith
Wands
 c - a wand of acid (7)
 l - a wand of polymorph (9)
Scrolls
 a - a scroll of fog
 b - a scroll of noise {unknown}
 g - a scroll of fear
 h - 3 scrolls of teleportation
 o - a scroll of remove curse
 q - a scroll of enchant weapon
 r - 2 scrolls of identify
Potions
 i - 9 potions of curing {unknown}
 k - a potion of brilliance {unknown}
 m - 2 potions of heal wounds {unknown}
 p - 3 potions of degeneration {unknown}
Comestibles
 d - 7 chunks of flesh
 f - 13 rations


   Skills:
 + Level 6.6 Fighting
 * Level 7.7 Maces & Flails
 - Level 3.2 Armour
 + Level 6.6 Shields


You had 7 spell levels left.
You didn't know any spells.
Your spell library was empty.

Dungeon Overview and Level Annotations

Branches:
Dungeon (5/15)               Lair (0/6) D:8
 Temple: D:4-7

Altars:
Yredelemnul

Shops:
D:5 [


Innate Abilities, Weirdness & Mutations

You are resistant to torment.
Your stone body is resilient. (AC +5)
You are immune to poison.
You resist negative energy. (rN+)
You are resistant to electric shocks. (rElec)
You can survive without breathing.
You are immune to petrification.
You are immune to rotting.


Message History

You thump the killer bee!
Your weapon exudes an aura of protection.
The killer bee is heavily wounded.
You block the killer bee's attack.
The killer bee stings you but does no damage.
Your shield prevents you from hitting the killer bee.
The killer bee is heavily wounded.
You block the killer bee's attack.
You miss the killer bee. The killer bee closely misses you.
You block the killer bee's attack.
The killer bee stings you but does no damage.
The killer bee barely misses you.
You miss the killer bee.
The killer bee is heavily wounded.
You block the killer bee's attack. x2
The killer bee stings you but does no damage. x3
You block the killer bee's attack.
The killer bee stings you but does no damage. x2
The killer bee stings you.
You die...

#.## #. #..#####
.... ###
##.....##.y... ...##
##........##
.....##......†...#
..
...........##.....#
..
...........###....#
#. ......yyy...#
#....# #
.......@###...#....#
.......## #........#
....... #........##
....... #........##
....#.. #........#
..=##.. #.........
... ... ##........
.. ... ####.....
........


You could see 3 killer bees.

Vanquished Creatures
  Maggie (D:8)
  A wyvern (D:8)
  Edmund (D:4)
  Menkaure (D:5)
  A phantom (D:4)
  An ogre (D:5)
  A centaur (D:5)
  Blork the orc (D:5)
  A scorpion (D:8)
  A killer bee (D:8)
  A howler monkey (D:5)
  2 hounds
  2 orc priests (D:5)
  An orc wizard (D:4)
  An iguana (D:4)
  A hound zombie (D:5)
  4 adders
  A howler monkey skeleton (D:4)
  2 worms (D:2)
  3 dart slugs
  14 orcs
  5 bats (D:1)
  16 giant cockroaches
  7 goblins
  7 hobgoblins
  8 jackals (D:5)
  8 kobolds
  2 quokkas
  3 frilled lizards
  3 leopard gecko skeletons (D:4)
  7 rats
108 creatures vanquished.

Notes
Turn   | Place    | Note
-------+----------+-------------------------------------------
     0 | D:1      | HoaS the Gargoyle Fighter began the quest for the Orb.
     0 | D:1      | Reached XP level 1. HP: 14/14 MP: 1/1
   226 | D:1      | Reached XP level 2. HP: 17/19 MP: 2/2
   565 | D:1      | Reached XP level 3. HP: 23/23 MP: 3/3
  1216 | D:2      | Reached skill level 3 in Maces & Flails
  1434 | D:2      | Reached XP level 4. HP: 29/29 MP: 4/4
  1692 | D:2      | Found a faded altar of an unknown god.
  2143 | D:3      | Reached XP level 5. HP: 31/33 MP: 5/5
  2166 | D:3      | Found a basalt altar of Yredelemnul.
  2554 | D:4      | Noticed a phantom
  2582 | D:4      | Killed a phantom
  2582 | D:4      | Reached skill level 4 in Maces & Flails
  2582 | D:4      | Reached XP level 6. HP: 31/39 MP: 6/6
  2619 | D:4      | Noticed Edmund
  2663 | D:4      | Killed Edmund
  2663 | D:4      | Reached skill level 5 in Maces & Flails
  2955 | D:4      | Reached skill level 5 in Fighting
  3270 | D:4      | Reached skill level 5 in Shields
  3270 | D:4      | Reached XP level 7. HP: 42/44 MP: 7/7
  3401 | D:5      | Entered Level 5 of the Dungeon
  3654 | D:5      | Found Itaech's Antique Armour Shop.
  3694 | D:5      | Reached skill level 6 in Maces & Flails
  3826 | D:5      | Noticed Menkaure
  3827 | D:5      | Noticed Blork the orc
  3831 | D:5      | Killed Menkaure
  3831 | D:5      | Reached XP level 8. HP: 39/51 MP: 8/8
  3843 | D:5      | Killed Blork the orc
  4000 | D:5      | You fall into a shaft and drop 3 floors!
  4000 | D:8      | Found a staircase to the Lair.
  4000 | D:8      | Noticed Maggie
  4000 | D:8      | Noticed a wyvern
  4008 | D:8      | Killed a wyvern
  4008 | D:8      | Reached skill level 7 in Maces & Flails
  4014 | D:8      | Killed Maggie
  4185 | D:8      | HP: 2/52 [scorpion (6)]
  4204 | D:8      | Slain by a killer bee

Illustrated notes

Levels and vault maps discovered:
D:1:      dpeg_arrival_houses_and_road, layout_loops_ring,
          chequers_serial_rivers_small_a, solitary_fountain,
          minmay_misc_feat_more_columns, lemuel_flame_loot_1
D:2:      layout_basic, chequers_ecumenical_altar_lobes
D:3:      minmay_roachtagon, layout_basic, yredelemnul_altar_generic
D:4:      layout_loops_corners, first_ration, uniq_edmund
D:5:      layout_loops_ring, serial_shops, nicolae_shop_crystal,
          uniq_blork_the_orc, uniq_menkaure
D:8:      layout_layer_cave, lair_entry_dummy, uniq_maggie

Skill      XL: |  1  2  3  4  5  6  7  8 |
---------------+-------------------------+-----
Maces & Flails | 3 4 5 6 7 |  7.7
Fighting       | 4 5 6 |  6.6
Shields        | 4 5 6 |  6.6
Armour         | |  3.2

Action                   |  1- 3 |  4- 6 |  7- 9 || total
-------------------------+-------+-------+-------++-------
Melee: Flail             |   134 |   195 |    98 ||   427
Evoke: Wand              |       |       |     4 ||     4
  Use: Scroll            |     5 |     6 |     1 ||    12
       Potion            |       |     1 |       ||     1
  Eat: Chunk             |     2 |     5 |     4 ||    11
Armor: Scale mail        |    64 |    89 |    32 ||   185
       Steam dragon scal |       |       |    23 ||    23
Dodge: Dodged            |    32 |    38 |    21 ||    91
Block: Kite shield       |    81 |    64 |       ||   145
       Tower shield      |       |    29 |    90 ||   119
